 Dungeon Crawl Stone Soup version 0.24.1-14-gf8d2b509d9 (webtiles) character file.

Game seed: 12395537085889108128, levelgen mode: deterministic

3731 mortelune the Changer (level 10, 0/79 HPs)
             Began as an Octopode Transmuter on May 17, 2020.
             Was a Priest of Cheibriados.
             Slain by a stone giant (28 damage)
             ... on level 9 of the Dungeon.
             The game lasted 00:16:57 (10777 turns).

mortelune the Changer (Octopode Transmuter)        Turns: 10777, Time: 00:16:58

Health: 0/79       AC: 11    Str: 17    XL:     10   Next: 14%
Magic:  27/28      EV: 14    Int: 25    God:    Cheibriados [***...]
Gold:   24         SH:  0    Dex: 20    Spells: 7/21 levels left

rFire    . . .     SeeInvis .     - Unarmed
rCold    + + .     Gourm    .   (shield currently unavailable)
rNeg     . . .     Faith    .   (helmet currently unavailable)
rPois    +         Spirit   .   (no amulet)
rElec    .         Reflect  .   g - ring of fire
rCorr    +         Harm     .   q - +3 ring of slaying
MR       .....                  f - +4 ring of protection
Stlth    ++........             k - ring of magical power
HPRegen  0.23/turn              C - ring of resist corrosion
MPRegen  0.21/turn              a - +1 ring of protection
                                (no ring)
                                (no ring)

@: ice-form, very slow
A: large, almost no armour, stealthy swim, amphibious, 8 rings, (constrict 8)
a: End Transformation, Bend Time, Temporal Distortion, Renounce Religion


You were on level 9 of the Dungeon.
You worshipped Cheibriados.
Cheibriados was most pleased with you.
You were not hungry.
You were a creature of crystalline ice.
You visited 2 branches of the dungeon, and saw 10 of its levels.

You collected 444 gold pieces.
You spent 420 gold pieces at shops.

Inventory:

Missiles
 l - 7 poisoned darts
 n - 4 boomerangs (quivered)
 Q - 83 arrows
Armour
 r - a +0 hat (melded)
Jewellery
 a - a +1 ring of protection (on tentacle)
 f - a +4 ring of protection (on tentacle)
 g - a ring of fire (left front paw)
 k - a ring of magical power (on tentacle)
 q - a +3 ring of slaying (right front paw)
 C - a ring of resist corrosion (on tentacle)
Wands
 d - a wand of disintegration (12)
 e - a wand of paralysis (20)
 v - a wand of polymorph (9)
 B - a wand of acid (11)
Scrolls
 i - a scroll of fog {unknown}
 j - a scroll of immolation {unknown}
 m - a scroll of enchant armour {unknown}
 o - 3 scrolls of remove curse
 p - a scroll of amnesia
 u - a scroll of noise {unknown}
 x - a scroll of fear {unknown}
 y - a scroll of magic mapping {unknown}
 z - a scroll of random uselessness
Potions
 b - 2 potions of curing
 h - 2 potions of flight {unknown}
 s - 2 potions of mutation {unknown}
 t - 2 potions of degeneration {unknown}
 w - a potion of brilliance
 A - 2 potions of invisibility {unknown}
Comestibles
 c - 17 rations
 D - 4 chunks of flesh


   Skills:
 + Level 5.5 Fighting
 + Level 5.8 Dodging
 * Level 7.2 Unarmed Combat
 - Level 6.3 Spellcasting
 + Level 7.6 Transmutations
 + Level 1.2 Invocations


You had 7 spell levels left.
You knew the following spells:

 Your Spells              Type           Power        Failure   Level  Hunger
a - Beastly Appendage     Tmut           #####.       1%          1    None
b - Sticks to Snakes      Tmut           #####...     1%          2    None
c - Spider Form           Tmut/Pois      ####......   4%          3    None
d - Ice Form              Ice/Tmut       ####....     16%         4    ###....
e - Magic Dart            Conj           #...         8%          1    None
f - Conjure Flame         Conj/Fire      ##......     22%         3    None

Your spell library contained the following spells:

 Spells                   Type           Power        Failure   Level  Hunger
 Animate Skeleton         Necr           N/A          8%          1    None
 Confusing Touch          Hex            #.....       8%          1    None
 Pain                     Necr           #...         8%          1    None
 Blade Hands              Tmut           #####.....   9%          5    #####..
 Blink                    Tloc           N/A          11%         2    None
 Call Imp                 Summ           #.......     11%         2    None
 Searing Ray              Conj           #.....       11%         2    None
 Slow                     Hex            #.......     11%         2    None
 Petrify                  Tmut/Erth      ####....     16%         4    ###....
 Confuse                  Hex            #.......     22%         3    None
 Dazzling Spray           Conj/Hex       #.....       22%         3    None
 Gell's Gravitas          Tloc           #.........   22%         3    None
 Mephitic Cloud           Conj/Pois/Air  #.......     22%         3    None
 Regeneration             Chrm/Necr      #.........   22%         3    None
 Vampiric Draining        Necr           #.........   22%         3    None
 Yara's Violent Unravell  Hex/Tmut       ####......   38%         5    #####..
 Animate Dead             Necr           N/A          58%         4    ###....
 Force Lance              Conj/Tloc      #.......     58%         4    ###....
 Fulminant Prism          Conj/Hex       #.........   58%         4    ###....
 Iskenderun's Mystic Bla  Conj           #.......     58%         4    ###....
 Metabolic Englaciation   Hex/Ice        #.........   90%         5    #####..


Dungeon Overview and Level Annotations

Branches:
Dungeon (9/15)             Temple (1/1) D:4
   Lair: D:8-11         Orc: D:9-12

Altars:
Cheibriados
Dithmenos
Gozag
Okawaru
Qazlal
Ru
Sif Muna
Trog
Uskayaw
Zin
The Shining One

Shops:
D:4 [   D:9 }

Annotations:
D:4 ogre


Innate Abilities, Weirdness & Mutations

You cannot wear most types of armour.
You are very stealthy in the water. (Stealth+)
You are amphibious.
You can wear up to eight rings at the same time.
((You can use your tentacles to constrict eight enemies at once.))
((Your skin changes colour to match your surroundings (Stealth+).))
((Your rubbery body absorbs attacks. (AC +1, EV +1)))


Message History

The hound zombie bites you.
The stone giant hits you but does no damage.
The hound zombie closely misses you.
You barely miss the stone giant.
The stone giant is heavily wounded.
The ice beast barely misses you. The hound zombie barely misses you.
The stone giant hits you!! The hound zombie closely misses you.
The ice beast barely misses you.
You punch the stone giant! You freeze the stone giant.
The stone giant is severely wounded.
You punch the stone giant! You freeze the stone giant.
The stone giant is severely wounded.
The stone giant barely misses you.
You punch the stone giant! You freeze the stone giant.
The stone giant is almost dead.
The stone giant closely misses you.
You hit the stone giant but do no damage.
The stone giant is almost dead.
The ice beast misses you. The stone giant hits you!!
You die...

.. .'##### '.. #..... ...
#⌠.... #.# ..# #.._.. #.#
#.# ⌠.... #.# #.# ##..##
#.######### ###.#
##...$###.........# #...#
#.....ZCY.........###....
##.....#Y...#####......_.
#8..8#...##.# ######...
...........# #.# ##..
............ ... #.#
)............. ... #.#
............... ....# #.#
####..#######.# ##.# #..
## ##.


You could see a stone giant, an ice beast and a hound zombie.

Vanquished Creatures
  Pikel (D:6)
  Psyche (D:8)
  Prince Ribbit (D:6)
  A spriggan (D:7)
  A yak (D:8)
  Menkaure (D:6)
  Edmund (D:6)
  Duvessa (D:5)
  A slave (D:6)
  A sky beast (D:6)
  2 black bears
  3 ogres
  2 phantoms
  A crocodile (D:8)
  A big kobold (D:8)
  A bullfrog (D:6)
  A jelly (D:6)
  A wyvern skeleton (D:7)
  Dowan (D:6)
  2 scorpions
  4 wights (D:7)
  5 howler monkeys
  A bullfrog zombie (D:8)
  4 crimson imps
  2 hounds
  3 orc priests
  An orc wizard (D:4)
  An iguana (D:7)
  3 worker ants
  2 hound skeletons
  10 adders
  An ooze (D:3)
  3 worms (D:3)
  5 dart slugs
  3 leopard geckos
  15 orcs
  5 ball pythons
  11 bats
  6 giant cockroaches
  5 goblins
  12 hobgoblins
  4 jackals
  13 kobolds
  4 quokkas
  6 frilled lizards
  2 quokka zombies
  9 rats
165 creatures vanquished.

Vanquished Creatures (collateral kills)
  A centaur (D:6)
  An adder (D:6)
  An orc (D:4)
3 creatures vanquished.

Vanquished Creatures (others)
  A bullfrog (D:6)
1 creature vanquished.

Grand Total: 169 creatures vanquished

Notes
Turn   | Place    | Note
-------+----------+-------------------------------------------
     0 | D:1      | mortelune the Octopode Transmuter began the quest for the
                  | Orb.
     0 | D:1      | Reached XP level 1. HP: 13/13 MP: 3/3
    89 | D:1      | Reached XP level 2. HP: 18/18 MP: 5/5
   103 | D:1      | Learned a level 2 spell: Sticks to Snakes
   490 | D:1      | Reached XP level 3. HP: 13/23 MP: 4/6
   663 | D:1      | Learned a level 3 spell: Spider Form
  1644 | D:2      | Reached XP level 4. HP: 24/28 MP: 6/8
  2502 | D:3      | Reached XP level 5. HP: 21/34 MP: 6/9
  3609 | D:4      | Noticed an ogre
  3704 | D:4      | Learned a level 4 spell: Ice Form
  3732 | D:4      | Found a staircase to the Ecumenical Temple.
  3776 | Temple   | Entered the Ecumenical Temple
  3844 | Temple   | Became a worshipper of Cheibriados the Contemplative
  3911 | D:4      | Found Ginukod's Antique Armour Boutique.
  3923 | D:5      | Entered Level 5 of the Dungeon
  3939 | D:5      | Reached XP level 6. HP: 37/39 MP: 11/11
  4012 | D:5      | Found an iron altar of Okawaru.
  4385 | D:5      | Found a stormy altar of Qazlal.
  4885 | D:4      | Reached * piety under Cheibriados
  5021 | D:4      | Reached XP level 7. HP: 45/45 MP: 5/12
  5193 | D:4      | Found a bloodstained altar of Trog.
  5608 | D:6      | Found an opulent altar of Gozag.
  6111 | D:6      | Noticed Prince Ribbit
  6127 | D:6      | Killed Prince Ribbit
  6127 | D:6      | Reached skill level 5 in Transmutations
  6127 | D:6      | Reached XP level 8. HP: 21/52 MP: 9/15
  6398 | D:6      | Noticed Edmund
  6408 | D:6      | Killed Edmund
  6414 | D:6      | Noticed Menkaure
  6454 | D:6      | Killed Menkaure
  6454 | D:6      | Reached skill level 5 in Spellcasting
  7216 | D:6      | Noticed Duvessa
  7216 | D:6      | Noticed Dowan
  7234 | D:6      | Killed Dowan
  7234 | D:6      | Reached ** piety under Cheibriados
  7363 | D:5      | Killed Duvessa
  7741 | D:6      | Noticed Pikel
  7763 | D:6      | Killed Pikel
  7763 | D:6      | Reached skill level 5 in Unarmed Combat
  7763 | D:6      | Reached XP level 9. HP: 32/58 MP: 17/17
  8040 | D:6      | Found a glowing silver altar of Zin.
  8509 | D:7      | Reached skill level 5 in Dodging
  9255 | D:8      | Found a glowing golden altar of the Shining One.
  9490 | D:8      | Reached skill level 5 in Fighting
  9576 | D:8      | Reached *** piety under Cheibriados
  9639 | D:8      | Noticed Psyche
  9649 | D:8      | Killed Psyche
  9797 | D:8      | Reached XP level 10. HP: 58/66 MP: 19/19
  9804 | D:8      | Learned a level 1 spell: Magic Dart
  9808 | D:8      | Learned a level 3 spell: Conjure Flame
 10544 | D:9      | Found Amuczei's Gadget Shoppe.
 10549 | D:9      | Bought a wand of acid (11) for 420 gold pieces
 10623 | D:9      | Reached skill level 1 in Invocations
 10737 | D:9      | Found a shimmering blue altar of Sif Muna.
 10759 | D:9      | Found a hide-covered altar of Uskayaw.
 10760 | D:9      | Noticed a stone giant
 10777 | D:9      | Slain by a stone giant

Levels and vault maps discovered:
D:1:      dpeg_arrival_another_circle, layout_loops_ring, serial_bayou_pond_c
D:2:      layout_rooms, serial_forest, infiniplex_forest_straight_4,
          infiniplex_forest_lined_3, infiniplex_forest_straight_2,
          infiniplex_forest_lined_corner, infiniplex_forest_clump_double,
          infiniplex_forest_clump_tiny, infiniplex_forest_straight_5,
          infiniplex_forest_lined_corner, infiniplex_forest_clump_C
D:3:      layout_basic, kennysheep_potato
D:4:      layout_basic, minmay_temple_entry_arrows, serial_shops,
          nicolae_shop_behind_doors, first_ration, trog_three_pillars_becter
D:5:      layout_rooms, marbit_many_paths, okawaru_gym_becter
D:6:      corexii_shack_village, layout_loops_ring,
          lemuel_coloured_pillars_altar, nicolae_gozag_seed_capital,
          uniq_edmund, uniq_menkaure, uniq_pikel, uniq_duvessa,
          uniq_prince_ribbit1
D:7:      layout_basic, the_bakery
D:8:      layout_loops_ring, nicolae_tso_carved_into_rock, uniq_psyche
D:9:      layout_long_grid, nicolae_overflow_crystal_walls, old_standard_altar,
          serial_shops, nicolae_shop_statue_plus, jmf_multi_god_temple
Temple:   regret_index_temple_generic_petals

Skill      XL: |  1  2  3  4  5  6  7  8  9 10 |
---------------+-------------------------------+-----
Transmutations | 3 4 5 6 7 |  7.6
Spellcasting   | 3 4 5 6 |  6.3
Fighting       | 2 3 4 5 |  5.5
Dodging        | 3 4 5 |  5.8
Unarmed Combat | 4 5 6 7 |  7.2
Invocations    | 1 |  1.2

Action                   |  1- 3 |  4- 6 |  7- 9 | 10-12 || total
-------------------------+-------+-------+-------+-------++-------
Melee: Unarmed           |    87 |   157 |   194 |    38 ||   476
       Constrict         |    21 |    31 |    11 |     2 ||    65
       Tentacles         |    13 |    24 |    15 |     4 ||    56
       Kick              |     1 |     8 |     1 |     3 ||    13
       Punch             |     1 |     2 |     1 |     1 ||     5
Throw: Boomerang         |       |     3 |       |       ||     3
       Dart              |       |     1 |       |       ||     1
 Cast: Beastly Appendage |     6 |     6 |     2 |     1 ||    15
       Spider Form       |     1 |     8 |    12 |       ||    21
       Sticks to Snakes  |       |     3 |     9 |       ||    12
       Ice Form          |       |       |     9 |     4 ||    13
       Magic Dart        |       |       |       |     2 ||     2
  Use: Scroll            |       |       |     8 |     1 ||     9
       Potion            |       |       |     6 |       ||     6
 Stab: Sleeping          |     6 |     4 |     3 |     1 ||    14
       Distracted        |       |     1 |     1 |       ||     2
  Eat: Chunk             |     2 |    12 |     8 |     2 ||    24
Armor: Skin              |    12 |    11 |    25 |     7 ||    55
Dodge: Dodged            |    80 |   106 |   150 |    33 ||   369
